 Dungeon Crawl Stone Soup version 0.30.1-3-gfc49f6343a (webtiles) character file.

Game seed: 16843503449613414413

1125 spardeous the Digger (level 7, -3/59 HPs)
             Began as a Demigod Earth Elementalist on July 24, 2023.
             Slain by an orc warrior
             ... wielding a +0 battleaxe
              (14 damage)
             ... on level 5 of the Dungeon.
             The game lasted 00:07:28 (5776 turns).

spardeous the Digger (Demigod Earth Elementalist)   Turns: 5776, Time: 00:07:29

Health: -3/59      AC:  3    Str:  9    XL:     7   Next: 89%
Magic:  17/17      EV: 11    Int: 25    God:
Gold:   357        SH:  0    Dex: 14    Spells: 12/16 levels left

rFire   . . .        y - +2 hand axe (venom)
rCold   . . .        (no shield)
rNeg    . . .        d - +0 leather armour
rPois   .            (no helmet)
rElec   .            (no cloak)
rCorr   .            (no gloves)
SInv    .            (no boots)
Will    .....        w - amulet of regeneration
Stlth   ++           s - ring of flight
HPRegen 1.09/turn    (no ring)
MPRegen 0.15/turn

%: no passive effects
@: brilliant, flying
A: high MP 1, forlorn, divine attributes
a: no special abilities


You were on level 5 of the Dungeon.
You visited 1 branch of the dungeon, and saw 6 of its levels.

You collected 357 gold pieces.

Inventory:

Hand Weapons
 y - a +2 hand axe of venom (weapon)
Armour
 a - a +0 robe
 d - a +0 leather armour (worn)
Jewellery
 s - a ring of flight (left hand)
 w - an amulet of regeneration (around neck)
Wands
 z - a wand of polymorph (11)
 B - a wand of flame (24)
Scrolls
 c - 2 scrolls of blinking {unknown}
 f - a scroll of noise {unknown}
 k - 2 scrolls of magic mapping {unknown}
 l - 2 scrolls of immolation {unknown}
 m - 3 scrolls of vulnerability {unknown}
 n - 2 scrolls of fear {unknown}
 o - a scroll of enchant armour {unknown}
 p - 3 scrolls of teleportation {unknown}
 q - 2 scrolls of identify {unknown}
 r - a scroll of fog {unknown}
 A - a scroll of poison {unknown}
Potions
 e - a potion of berserk rage {unknown}
 g - a potion of curing
 h - a potion of flight {unknown}
 i - 5 potions of brilliance
 j - a potion of lignification {unknown}
 t - a potion of degeneration {unknown}
 u - a potion of invisibility {unknown}
 v - a potion of cancellation {unknown}
 x - a potion of attraction {unknown}


   Skills:
 - Level 4.1 Fighting
 - Level 1.7 Dodging
 - Level 1.7 Stealth
 - Level 5.0 Spellcasting
 - Level 0.8 Transmutations
 + Level 6.2 Earth Magic


You had 12 spell levels left.
You knew the following spells:

 Your Spells              Type           Power      Damage    Failure   Level
a - Sandblast             Erth           100%       2d20      1%          1
b - Stone Arrow           Conj/Erth      64%        3d11      10%         3

Your spell library contained the following spells:

 Spells                   Type           Power      Damage    Failure   Level
 Passwall                 Tmut/Erth      29%        N/A       4%          2
 Petrify                  Tmut/Erth      35%        N/A       26%         4
 Hailstorm                Conj/Ice       9%         3d4       34%         3
 Ice Form                 Ice/Tmut       12%        N/A       67%         4
 Metabolic Englaciation   Hex/Ice        4%         N/A       97%         5
 Statue Form              Tmut/Erth      23%        N/A       99%         6
 Simulacrum               Ice/Necr       4%         N/A       100%        6


Dungeon Overview and Level Annotations

Branches:
Dungeon (6/15)             Temple (0/1) D:4

Shops:
D:3 !   D:5 :

Annotations:
D:5 2 transporters, superradish's ghost, novice DsBr
D:6 Eustachio


Innate Abilities, Weirdness & Mutations

You have an increased reservoir of magic. (+10% MP)
You shall have no god before yourself.
Your divine heritage dramatically boosts your attributes as you level up.


Message History

The orc warrior hits you with a +0 battleaxe!
The orc warrior hits you with a +0 battleaxe!!
* * * LOW HITPOINT WARNING * * *
You take 28 damage, and have 14/59 hp.
MASSIVE DAMAGE!!
You now have 1/17 mp.
You regained 2 hp, and now have 16/59 hp.
The orc warrior attacks as you move away!
The orc warrior barely misses you.
The orc warrior attacks as you move away!
The orc warrior hits you with a +0 battleaxe!
* * * LOW HITPOINT WARNING * * *
You take 12 damage, and have 7/59 hp.
MASSIVE DAMAGE!!
Okay, then.
Okay, then.
Casting: Sandblast (safe; 1% risk of failure)
Confirm with . or Enter, or press ? or * to list all spells.
You don't have enough magic to cast this spell.
It was a potion of curing.
You feel better. The orc warrior misses you.
You regained 9 hp, and now have 16/59 hp.
It was a potion of brilliance.
You feel clever all of a sudden.
The orc warrior hits you with a +0 battleaxe.
* * * LOW HITPOINT WARNING * * *
You take 5 damage, and have 11/59 hp.
You feel better.
The orc warrior hits you with a +0 battleaxe.
* * * LOW HITPOINT WARNING * * *
You regained 5 hp, and now have 16/59 hp.
Casting: Sandblast (safe; 1% risk of failure)
Confirm with . or Enter, or press ? or * to list all spells.
Aiming: Stone Arrow (dangerous; 10% risk of failure)
Press: ? - help, Shift-Dir - straight line, f/p - orc warrior
Aim: an orc warrior, wielding a +0 battleaxe and wearing a +0 plate armour (heavily wounded, 74% to hit)
You feel a surge of power!
The stone arrow hits the orc warrior!
The orc warrior is almost dead.
The orc warrior hits you with a +0 battleaxe!
* * * LOW HITPOINT WARNING * * *
You take 6 damage, and have 10/59 hp.
You now have 0/17 mp.
Magic courses through your body.
The orc warrior hits you with a +0 battleaxe!
You die...

......#.##.###.#.#...#!..###..#
##......##.##..#..###..#..##..###
#####......###...#...#...###.#...
# ###.....#####.yyy.#####..###. #
####...#############..###.. ##
###.......©.......## #.. .#
####...#.######## #.. ##
##..#..#..## #.. .# #@.##.....#
#.. .# #o.#.>....## ##. .#
#..#.......## #. .# ###
#...........# ## .# ##.####
#...........## # .## ##.....##
#............##### ..# #.......#
#.................
..###.......####.................
..##.........#..##...........###.


You could see an orc warrior and 3 killer bees.

Vanquished Creatures
  Sigmund (D:4)
  3 ogres
  A phantom (D:4)
  A scorpion (D:4)
  3 wights (D:6)
  A hound (D:4)
  A sleepcap (D:5)
  3 orc wizards (D:5)
  Natasha (thrice) (D:3)
  5 gnolls (D:4)
  6 adders
  A white imp (D:6)
  2 worms
  A dart slug (D:5)
  11 orcs
  3 endoplasms
  5 giant cockroaches
  5 goblins
  4 hobgoblins
  3 jackals (D:1)
  10 kobolds
  4 quokkas
  12 ball pythons
  7 bats
  4 frilled lizards (D:1)
  12 rats
112 creatures vanquished.

Notes
Turn   | Place    | Note
-------+----------+-------------------------------------------
     0 | D:1      | spardeous the Demigod Earth Elementalist began the quest
                  | for the Orb.
     0 | D:1      | Reached XP level 1. HP: 14/14 MP: 5/5
   254 | D:1      | Reached skill level 3 in Earth Magic
   448 | D:1      | Reached XP level 2. HP: 20/20 MP: 4/7
  1333 | D:2      | Reached skill level 4 in Earth Magic
  1333 | D:2      | Reached XP level 3. HP: 26/26 MP: 5/8
  1811 | D:2      | Reached XP level 4. HP: 33/33 MP: 7/9
  1815 | D:2      | Learned a level 3 spell: Stone Arrow
  2006 | D:3      | Noticed an ogre
  2008 | D:3      | Killed an ogre
  2009 | D:3      | Reached skill level 5 in Earth Magic
  2009 | D:3      | Reached XP level 5. HP: 38/38 MP: 7/11
  2230 | D:3      | Noticed Natasha
  2232 | D:3      | Killed Natasha
  2267 | D:3      | Found Zymoos's Distillery.
  2513 | D:3      | Noticed Natasha
  3121 | D:3      | Killed Natasha
  3355 | D:3      | Noticed Natasha
  3359 | D:3      | Killed Natasha
  3402 | D:4      | Noticed an ogre
  3408 | D:4      | Killed an ogre
  3409 | D:4      | Reached XP level 6. HP: 43/45 MP: 9/15
  3752 | D:4      | Found a staircase to the Ecumenical Temple.
  3808 | D:4      | Reached skill level 5 in Spellcasting
  4027 | D:4      | Reached skill level 1 in Fighting
  4169 | D:4      | Noticed Sigmund
  4172 | D:4      | Killed Sigmund
  4173 | D:4      | Reached XP level 7. HP: 47/57 MP: 13/17
  4492 | D:5      | Entered Level 5 of the Dungeon
  4567 | D:5      | Noticed superradish's ghost (novice DsBr)
  4597 | D:5      | Found a transporter.
  4600 | D:5      | Found a transporter.
  4711 | D:5      | Found Tunuump's Book Boutique.
  5697 | D:6      | Reached skill level 6 in Earth Magic
  5725 | D:6      | Noticed Eustachio
  5776 | D:5      | Slain by an orc warrior

Illustrated notes

Levels and vault maps discovered:
D:1:      nicolae_arrival_somewhat_less_tricky_arrival, layout_loops_ring,
          nrook_uturn, serial_bayou_lagoon_b
D:2:      layout_rooms
D:3:      layout_basic, serial_shops, shop, shapermc_ecumenical_altar_petra,
          uniq_natasha
D:4:      layout_basic, minmay_temple_entry_waves, serial_park_tiny_2,
          minmay_bisected, uniq_sigmund
D:5:      layout_cave_pods, serial_shops, shop, gammafunk_ghost_hive
D:6:      layout_rooms, portal_sewer_entry_b, uniq_duvessa, uniq_eustachio

Skill      XL: |  1  2  3  4  5  6  7 |
---------------+----------------------+-----
Earth Magic    | 3 4 5 6 |  6.2
Spellcasting   | 2 4 5 |  5.0
Fighting       | 3 4 |  4.1
Dodging        | |  1.7
Stealth        | |  1.7
Transmutations | |  0.8

Action                     |  1- 3 |  4- 6 |  7- 9 || total
---------------------------+-------+-------+-------++-------
  Melee: Unarmed           |    21 |       |     1 ||    22
         Hand axe          |       |       |     1 ||     1
   Cast: Sandblast         |    74 |    59 |    57 ||   190
         Stone Arrow       |       |       |     6 ||     6
    Use: Potion            |       |       |     4 ||     4
 Armour: Leather armour    |    14 |     1 |     7 ||    22
         Robe              |     5 |       |       ||     5
  Dodge: Dodged            |    32 |    10 |    17 ||    59
